Cogmind - Beta 17 @@@ ROGUE MODE // 2026.08.20 @ 17:48:11 Player: TheSkyeDoctor Result: Destroyed by G-47 Trooper with Particle Gun Performance ------------- Evolutions (3) 1500 Regions Visited (7) 1400 Robots Destroyed (113) 565 Value Destroyed (3343) 3343 Prototype IDs (4) 80 Alien Tech Used (0) 0 Bonus (107) 107 TOTAL SCORE: 6995 Bonus ------- High Alert Combat Kills 26 Follower Combat Kills 81 Cogmind --------- Core Integrity 0/700 Matter 295/300 Energy 79/100 System Corruption 12% Temperature Cool (9) Movement Core (1400) Ox27 Location -7/Lower Caves Parts ------- > --- POWER (1) -------- (None) > --- PROPULSION (4) --- (None) > --- UTILITY (5) ------ Huge Storage Unit Advanced Targeting Computer Hacking Suite High-powered Tractor Beam > --- WEAPON (3) ------- Spear > --- INVENTORY (25) --- Improved Deuterium Engine Armored Huge Wheel VTOL Module VTOL Module Cesium-ion Thruster Cesium-ion Thruster Xenon Bombardment Thruster Advanced Heat Sink High-capacity Battery (250) High-capacity Matter Pod (56) Improved Terrain Scanner Advanced Terrain Scan Processor Target Analyzer Armor Integrity Analyzer System Shield Remote Datajack Plasma Cutter Great Maul DRS Beacon (Ready) Peak State ------------ > --- POWER ------------ Improved Ion Engine > --- PROPULSION ------- Armored Huge Wheel Armored Huge Wheel > --- UTILITY ---------- Huge Storage Unit Improved Signal Interpreter Advanced Targeting Computer Advanced Targeting Computer Hacking Suite > --- WEAPON ----------- Enhanced Autogun Gauss Cannon Great Maul > --- INVENTORY -------- Improved Ion Engine Light Nuclear Core Armored Huge Wheel Armored Huge Wheel VTOL Module VTOL Module Cesium-ion Thruster Cesium-ion Thruster Xenon Bombardment Thruster Advanced Heat Sink High-capacity Battery High-capacity Matter Pod Improved Terrain Scanner Light Armor Plating Enhanced Autogun Enhanced Autogun Assault Cannon Grenade Launcher Rocket Launcher Rocket Launcher Remote Datajack Plasma Cutter Spear [Rating: 49] Favorites ----------- Power Improved Ion Engine Engine Improved Ion Engine Propulsion Wheel Treads Light Treads Wheel Wheel Flight Unit Improved Flight Unit Utility Huge Storage Unit Device Improved Heat Sink Storage Huge Storage Unit Processor Advanced Targeting Computer Hackware Hacking Suite Protection Light Armor Plating Weapon Enhanced Autogun Energy Gun Beam Rifle Ballistic Gun Enhanced Autogun Ballistic Cannon Gauss Cannon Launcher Mini Grenade Launcher Impact Weapon Great Maul Piercing Weapon Spear Build | -11 -10 -9 -9 -8 -7 -7 -7 ------- Run | Yrd Mat Mat Min Mat Fac Low Low Slots Evolved 6 | . . 2 . 2 2 . . Power . | . . . . . . . . Propulsion 2 | . . 1 . . 1 . . Utility 3 | . . . . 2 1 . . Weapon 1 | . . 1 . . . . . Parts Attached 70 | 8 3 11 7 14 20 2 5 Power 6 | 1 1 1 . . 3 . . Engine 6 | 1 1 1 . . 3 . . Core . | . . . . . . . . Reactor . | . . . . . . . . Propulsion 23 | 2 . 4 5 3 7 2 . Treads 7 | 1 . 3 1 2 . . . Leg . | . . . . . . . . Wheel 14 | 1 . 1 4 1 5 2 . Hover . | . . . . . . . . Flight 2 | . . . . . 2 . . Utility 15 | 3 2 1 1 4 2 . 2 Device 5 | 2 1 . 1 . . . 1 Storage 3 | 1 1 1 . . . . . Processor 3 | . . . . 2 1 . . Hackware 2 | . . . . 1 1 . . Protection 2 | . . . . 1 . . 1 Artifact . | . . . . . . . . Weapon 26 | 2 . 5 1 7 8 . 3 Energy Gun 2 | . . . . 1 . . 1 Energy Cannon . | . . . . . . . . Ballistic Gun 14 | 2 . 5 . 4 3 . . Ballistic Cannon 2 | . . . . . 2 . . Launcher 6 | . . . 1 2 2 . 1 Special Weapon . | . . . . . . . . Impact Weapon 1 | . . . . . 1 . . Slashing Weapon . | . . . . . . . . Piercing Weapon 1 | . . . . . . . 1 Special Melee Weapon . | . . . . . . . . Unidentified Prototypes 4 | . . . . 2 2 . . Parts Lost 45 | . 3 4 4 9 11 1 13 Power 5 | . 1 . . 1 2 . 1 Propulsion 16 | . . 3 2 3 3 1 4 Utility 6 | . 1 . . 2 . . 3 Weapon 18 | . 1 1 2 3 6 . 5 Highest Loss Streak 12 | . 3 1 2 3 7 1 12 To Critical Strikes 4 | . 1 . . 2 . . 1 Average Backups 14 | 1 4 8 12 17 21 20 19 Power 1 | . . . 2 2 1 1 1 Propulsion 3 | . 2 2 2 3 6 5 5 Utility 4 | . 1 3 4 4 4 8 8 Weapon 3 | . . 2 3 6 5 3 2 Tool/Special . | . . . . . . . . Unused Backups 21 | . . . 1 3 2 . 15 Power 1 | . . . . . 1 . . Propulsion 10 | . . . 1 2 1 . 6 Utility 7 | . . . . . . . 7 Weapon 1 | . . . . 1 . . . Tool/Special 2 | . . . . . . . 2 Average Slot Usage (%) 87 | . 89 94 92 74 81 96 97 Engine 7 | . 14 11 11 . 6 7 6 Treads 8 | . 14 22 10 9 . . . Wheel 15 | . 14 11 18 7 15 27 28 Device 6 | . 14 11 11 7 . . . Storage 9 | . 14 11 11 9 7 7 7 Processor 10 | . . . . 10 22 23 22 Hackware 2 | . . . . 3 2 7 7 Protection 1 | . . . . 1 3 . . Ballistic Gun 18 | . 18 27 24 16 11 15 13 Ballistic Cannon 1 | . . . . . 4 . . Launcher 2 | . . . 5 4 1 7 1 Peak Build Rating 49 | 9 8 17 17 33 49 41 37 Average Rating 25 | 4 7 13 16 23 44 36 35 On Entrance 19 | . 7 8 16 15 33 41 35 Avg Prop Armor Cover (%) 11 | 11 11 16 9 10 . . . Naked Turns . | . . . . . . . . Heaviest Build 104 | 15 28 97 97 93 104 96 96 Greatest Support 56 | 20 20 20 32 40 56 48 40 Greatest Overweight (x) 9 | 1 2 9 9 9 3 2 2 Average Overweight (x) 2 | . 1 4 4 4 1 1 2 Largest Inventory Capacity 25 | 8 15 25 25 25 25 25 25 Average Capacity 22 | 7 10 19 25 25 25 25 25 Most Carried 25 | 4 6 13 16 25 25 21 24 Average Carried 15 | 1 4 8 12 17 22 20 20 Final Capacity 25 | 8 15 25 25 25 25 25 25 Final Carried 25 | 4 5 13 13 25 21 21 20 Class Distribution -------------------- 33% | Scavenger-Gunner 24% | Gunner 23% | Mutant 16% | Scavenger-Mutant Dominant Class ---------------- Mutant | -10/Materials Scavenger-Gunner | -9/Materials Scavenger-Gunner | -9/Mines Gunner | -8/Materials Gunner | -7/Factory Scavenger-Gunner | -7/Lower Caves Scavenger-Mutant | -7/Lower Caves Resources | -11 -10 -9 -9 -8 -7 -7 -7 ----------- Run | Yrd Mat Mat Min Mat Fac Low Low Matter Collected 3490 | 314 211 543 566 312 1034 224 286 Remotely 133 | . . . . . . . 133 Salvage Created 3669 | 130 257 775 728 560 918 92 209 Parts 203 | 8 14 43 44 35 46 8 5 Haulers Intercepted 5 | . . 2 . 3 . . . Recyclers Shooed 5 | . . 4 1 . . . . Parts Field Recycled . | . . . . . . . . Retrieved Matter . | . . . . . . . . Parts Self-Destructed 12 | . . . . . . 7 5 Prevented . | . . . . . . . . Parts Restored . | . . . . . . . . Kills | -11 -10 -9 -9 -8 -7 -7 -7 ------- Run | Yrd Mat Mat Min Mat Fac Low Low Combat Hostiles Destroyed 79 | . 7 9 15 14 23 4 7 Melee 1 | . . . . . . . 1 Guns 46 | . 7 9 10 8 9 2 1 Cannons 5 | . . . . . 5 . . AOE 27 | . . . 5 6 9 2 5 Classes Destroyed 15 | 3 2 4 . 1 4 . 1 Worker 8 | 1 1 . 1 1 4 . . Builder 2 | . . . . 1 1 . . Tunneler 2 | 2 . . . . . . . Hauler 5 | . . 2 . 3 . . . Recycler 10 | 1 . 3 5 . 1 . . Mechanic 1 | . . . . . 1 . . Operator 3 | . . 1 . . 2 . . Watcher 2 | . . 2 . . . . . Swarmer 24 | . 3 . 7 8 . 3 3 Grunt 32 | . 4 3 8 5 10 1 1 Duelist 2 | . . . . . . . 2 Sentry 11 | . . 6 . 2 3 . . Specialist 3 | . . . . . 3 . . Hunter 2 | . . . . . 2 . . Programmer 6 | . . . . . 5 . 1 Best Kill Streak 8 | 3 4 4 5 8 8 2 6 Combat Bots Only 8 | . 4 2 4 8 7 2 6 Max Kills in Single Turn 3 | 1 1 1 3 3 3 2 2 Gunslinging 1 | . . . 1 1 . . . Exploded 3 | . . . 3 2 3 1 2 Melee 1 | . . . . . . . 1 Uniques/NPCs Destroyed . | . . . . . . . . Combat | -11 -10 -9 -9 -8 -7 -7 -7 -------- Run | Yrd Mat Mat Min Mat Fac Low Low Hostile Shots Fired 593 | . 59 75 53 76 250 21 59 Missed 173 | . 17 21 18 19 72 9 17 Hits 420 | . 42 54 35 57 178 12 42 Melee 7 | . . . . . . . 7 Projectile 413 | . 42 54 35 57 178 12 35 Critical Strikes 13 | . 2 1 1 2 5 . 2 Damage Taken 6471 | . 443 726 452 933 2741 177 999 Core 1050 | . 74 94 75 97 477 20 213 Absorbed by Shields . | . . . . . . . . Core Remaining (%) 77 | 100 70 . 57 82 . . . Volleys Fired 240 | 8 35 44 27 38 71 7 10 Largest 3 | 2 2 3 3 3 3 3 2 Hottest 109 | 40 40 69 76 109 102 89 58 Shots Fired 545 | 16 54 117 79 93 148 19 19 Gun 454 | 16 54 117 75 84 82 14 12 Cannon 47 | . . . . . 47 . . Launcher 44 | . . . 4 9 19 5 7 Special . | . . . . . . . . Kinetic 489 | 16 54 117 75 72 129 14 12 Thermal 12 | . . . . 12 . . . Explosive 44 | . . . 4 9 19 5 7 Electromagnetic . | . . . . . . . . Robot Hit Streak 14 | 5 10 14 9 9 11 11 10 Robot Miss Streak 5 | 2 3 5 4 4 5 1 4 Penetration Max . | . . . . . . . . Secondary Targets 11 | . 1 1 6 3 . . . Max Gunslinging Chain 2 | . 1 1 2 2 . . . Shots Hit Robots 337 | 11 36 69 42 52 103 8 16 Core Hits 202 | 5 14 33 31 32 68 6 13 Critical Kills . | . . . . . . . . Critical Parts Destroyed 1 | . . . . . 1 . . Critical Strikes 3 | . . . . . 3 . . Blast 2 | . . . . . 2 . . Smash 1 | . . . . . 1 . . Melee Attacks 12 | . . . . . 3 . 9 Impact 3 | . . . . . 3 . . Slashing . | . . . . . . . . Piercing 9 | . . . . . . . 9 Sneak Attacks 1 | . . . . . 1 . . Combat Hostiles . | . . . . . . . . Follow-up Attacks . | . . . . . . . . Damage Inflicted 8909 | 135 504 1097 958 1383 3687 277 868 Guns 4342 | 135 504 1097 609 803 906 129 159 Cannons 781 | . . . . . 781 . . Explosions 3542 | . . . 349 580 1874 148 591 Melee 244 | . . . . . 126 . 118 Ramming . | . . . . . . . . Kinetic 5050 | 135 504 1097 609 730 1687 129 159 Thermal 73 | . . . . 73 . . . Explosive 3427 | . . . 349 465 1874 148 591 Electromagnetic 115 | . . . . 115 . . . Impact 126 | . . . . . 126 . . Slashing . | . . . . . . . . Piercing 118 | . . . . . . . 118 Highest Corruption 12 | . 3 . . . 11 11 12 Average Corruption 8 | . 2 . . . 7 11 11 Corruption Purged . | . . . . . . . . Corruption Blocked . | . . . . . . . . Effects 39 | . 2 . . . 9 12 16 Message Errors 5 | . . . . . 1 1 3 Matter Fused 16 | . 1 . . . 2 6 7 Heat Flow Errors 7 | . . . . . 5 2 . Energy Discharges 4 | . 1 . . . 1 . 2 Parts Rejected 1 | . . . . . . . 1 Data Loss (minor) 3 | . . . . . . 2 1 Data Loss (major) 2 | . . . . . . 1 1 Weapon Failures 1 | . . . . . . . 1 Overload Shots . | . . . . . . . . Overflow Damage 265 | . . . 5 . 238 . 22 Projectiles 16 | . . . . . 16 . . Explosions 148 | . . . 5 . 121 . 22 Melee 101 | . . . . . 101 . . Knockbacks 12 | . . . . . 12 . . Impact . | . . . . . . . . Kinetic 10 | . . . . . 10 . . Secondary 2 | . . . . . 2 . . Self-Inflicted Damage 413 | . . . 50 78 198 3 84 Shots 13 | . . . 2 3 5 1 2 Rammed . | . . . . . . . . Targets Rammed . | . . . . . . . . Kicked . | . . . . . . . . Crushed . | . . . . . . . . Highest Temperature 284 | . 32 7 27 78 284 230 26 Average Temperature 51 | . 18 5 11 22 67 68 10 Received Heat Transfer 1221 | . 189 186 213 225 246 . 162 Effects 4 | . . . . . 1 3 . Interference 4 | . . . . . 1 3 . Siege Activations . | . . . . . . . . Martial Activations . | . . . . . . . . Shielding Activations . | . . . . . . . . Robots Disrupted 1 | . . . . 1 . . . Combat Hostiles . | . . . . . . . . Robots Corrupted 2 | . . . . . 2 . . Combat Hostiles . | . . . . . . . . Parts Fried 2 | . . . 1 . 1 . . Impact Corruptions 2 | . . . . . 2 . . Robots Melted . | . . . . . . . . Combat Hostiles . | . . . . . . . . Parts Melted . | . . . . . . . . Heat Transferred 185 | . . . . 185 . . . Parts Sabotaged . | . . . . . . . . Parts Stolen . | . . . . . . . . Parts Stripped . | . . . . . . . . Power Chain Reactions . | . . . . . . . . Alert | -11 -10 -9 -9 -8 -7 -7 -7 ------- Run | Yrd Mat Mat Min Mat Fac Low Low Maximum Alert Level 2 | . . . . 1 2 . . Low Security (%) 89 | 100 100 100 100 74 80 . . Level 1 6 | . . . . 25 6 . . Level 2 3 | . . . . . 13 . . Level 3 . | . . . . . . . . Level 4 . | . . . . . . . . Level 5 . | . . . . . . . . High Security . | . . . . . . . . Max Security . | . . . . . . . . Peak Influence 502 | 10 100 96 156 252 502 . . Initial 102 | . . . 17 20 102 . . Average 83 | . 38 37 87 112 111 . . Influence Increases 2764 | 20 175 319 449 661 900 90 150 Destroy 0b10 Robot/C 1640 | . 140 180 300 340 460 80 140 Destroy 0b10 Robot/NC 165 | 20 5 40 30 25 45 . . Destroy Leader 364 | . 30 78 50 86 100 10 10 Allied During Kill 23 | . . . . 23 . . . Trap Triggered on 0b10 10 | . . . 10 . . . . Successful Hack 45 | . . 5 . 20 20 . . Disable Machine 270 | . . 15 15 90 150 . . Destroy Structure 217 | . . 1 29 62 125 . . Lose Combat Pursuer 30 | . . . 15 15 . . . Influence Decreases 2701 | 20 175 273 443 487 630 334 339 Entered New Map 418 | . . . 29 32 124 184 49 Time Decay 1817 | 20 145 233 374 349 396 140 160 Lost Part 426 | . 30 40 40 66 110 10 130 Lost Ally 40 | . . . . 40 . . . Squads Dispatched 12 | . 1 1 . 3 6 . 1 Investigation 2 | . 1 . . . 1 . . Extermination 1 | . . . . . 1 . . Reinforcement 4 | . . 1 . . 3 . . Assault 1 | . . . . . . . 1 Garrison 4 | . . . . 3 1 . . Intercept . | . . . . . . . . Searches Triggered . | . . . . . . . . Construction Impeded . | . . . . . . . . Haulers Reinforced . | . . . . . . . . Active Scanning Responses . | . . . . . . . . Cargo Convoy Interrupts 1 | . . . . . 1 . . Stealth | -11 -10 -9 -9 -8 -7 -7 -7 --------- Run | Yrd Mat Mat Min Mat Fac Low Low Distress Signals 6 | . . 3 . 3 . . . Communications Jammed . | . . . . . . . . Distress Signals . | . . . . . . . . Times Spotted 122 | . 12 22 16 25 33 4 10 Peak Tracking Total 12 | . 5 5 3 6 12 3 9 Tactical Retreats 2 | . . . 1 1 . . . Traps | -11 -10 -9 -9 -8 -7 -7 -7 ------- Run | Yrd Mat Mat Min Mat Fac Low Low Traps Triggered 3 | . 3 . . . . . . Indirectly . | . . . . . . . . Trap Hack Attempts . | . . . . . . . . Triggered . | . . . . . . . . Disarmed . | . . . . . . . . Reprogrammed . | . . . . . . . . Reused 1 | . . . 1 . . . . Traps Extracted . | . . . . . . . . Installed 2 | . . . 2 . . . . Triggered 1 | . . . 1 . . . . Most Traps Carried 2 | . . . 2 . . . . Objects Rigged 1 | . . . . 1 . . . Exploded 1 | . . . . 1 . . . Machines | -11 -10 -9 -9 -8 -7 -7 -7 ---------- Run | Yrd Mat Mat Min Mat Fac Low Low Machines Disabled 19 | . . 1 1 6 10 . 1 Max in Single Turn 6 | . . 1 1 1 6 . 1 Machines Repaired . | . . . . . . . . Machines Dismantled . | . . . . . . . . Machines Sabotaged . | . . . . . . . . Overloaded Fab Kills . | . . . . . . . . Hacking | -11 -10 -9 -9 -8 -7 -7 -7 --------- Run | Yrd Mat Mat Min Mat Fac Low Low Machines Accessed 12 | . 1 2 . 5 3 1 . Terminals 10 | . 1 2 . 4 2 1 . Fabricators . | . . . . . . . . Repair Stations . | . . . . . . . . Recycling Units . | . . . . . . . . Scanalyzers 1 | . . . . 1 . . . Garrison Access 1 | . . . . . 1 . . Total Hacks 26 | . 3 4 . 12 6 1 . Successful 11 | . . 2 . 5 3 1 . Failed 15 | . 3 2 . 7 3 . . Catastrophic 3 | . . . . 2 1 . . Database Lockouts . | . . . . . . . . Manual 18 | . 3 4 . 7 4 . . Terminals 20 | . 3 4 . 8 4 1 . Fabricators . | . . . . . . . . Repair Stations . | . . . . . . . . Recycling Units . | . . . . . . . . Scanalyzers 4 | . . . . 4 . . . Garrison Access 2 | . . . . . 2 . . Terminal Hacks 4 | . . 1 . 1 1 1 . Record 1 | . . . . . . 1 . Branch Access Points 3 | . . 1 . 1 1 . . Fabricator Hacks . | . . . . . . . . Repair Station Hacks . | . . . . . . . . Recycling Unit Hacks . | . . . . . . . . Scanalyzer 2 | . . . . 2 . . . Retrieve Study 2 | . . . . 2 . . . Garrison Access Hacks . | . . . . . . . . Unauthorized Hacks 5 | . . 1 . 2 2 . . Terminals 5 | . . 1 . 2 2 . . Botnet 4 | . . 1 . 1 2 . . Detonate 1 | . . . . 1 . . . Fabricators . | . . . . . . . . Repair Stations . | . . . . . . . . Recycling Units . | . . . . . . . . Scanalyzers . | . . . . . . . . Garrison Access . | . . . . . . . . Data Cores Recovered . | . . . . . . . . Used . | . . . . . . . . Hacking Detections 10 | . 1 1 . 4 3 1 . Full Trace Events 2 | . 1 . . . 1 . . Feedback Events . | . . . . . . . . Feedback Blocked . | . . . . . . . . Robot Schematics Acquired . | . . . . . . . . Robots Built . | . . . . . . . . Authchips . | . . . . . . . . Time . | . . . . . . . . Total Robot Build Rating . | . . . . . . . . Part Schematics Acquired . | . . . . . . . . Parts Built . | . . . . . . . . Authchips . | . . . . . . . . Time . | . . . . . . . . Total Part Build Rating . | . . . . . . . . Part Studies Acquired 2 | . . . . 2 . . . Parts Repaired . | . . . . . . . . Time . | . . . . . . . . Parts Recycled . | . . . . . . . . Recycled Matter . | . . . . . . . . Retrieved Matter . | . . . . . . . . Retrieved Components . | . . . . . . . . Parts Scanalyzed . | . . . . . . . . Part Schematics Acquired . | . . . . . . . . Parts Damaged . | . . . . . . . . Bothacking | -11 -10 -9 -9 -8 -7 -7 -7 ------------ Run | Yrd Mat Mat Min Mat Fac Low Low Used RIF Installer . | . . . . . . . . Robots Hacked . | . . . . . . . . Non-combat . | . . . . . . . . Combat . | . . . . . . . . Robot Hacks Applied . | . . . . . . . . Relay Couplers Released . | . . . . . . . . Fabnet Peak Effective % . | . . . . . . . . Robots Rewired . | . . . . . . . . Allies Hacked . | . . . . . . . . Hacks Repelled . | . . . . . . . . Allies | -11 -10 -9 -9 -8 -7 -7 -7 -------- Run | Yrd Mat Mat Min Mat Fac Low Low Total Allies 5 | . . . 4 . . . 1 Largest Group 4 | . . . 4 4 . . 1 Highest-Rated Group 138 | . . . 71 71 . . 138 Highest-Rated Ally 138 | . . . 31 31 . . 138 Total Orders . | . . . . . . . . Ally Attacks 30 | . . . . 30 . . . Total Damage 374 | . . . . 374 . . . Kills 3 | . . . . 3 . . . Allies Corrupted . | . . . . . . . . Allies Melted . | . . . . . . . . Intel | -11 -10 -9 -9 -8 -7 -7 -7 ------- Run | Yrd Mat Mat Min Mat Fac Low Low Active Infowar (turns) 171 | 21 150 . . . . . . Terrain 1 | 1 . . . . . . . Seismic 170 | 20 150 . . . . . . Robot Analysis Total . | . . . . . . . . Derelict Logs Recovered 3 | . . . 1 . . 2 . Drone Launches . | . . . . . . . . Drone Recoveries . | . . . . . . . . Exploration | -11 -10 -9 -9 -8 -7 -7 -7 ------------- Run | Yrd Mat Mat Min Mat Fac Low Low Turns Passed 4678 | 121 405 709 878 859 1074 295 337 Spaces Moved 2752 | 67 235 286 510 356 749 276 273 Core 6 | 6 . . . . . . . Treads 262 | 32 54 84 . 92 . . . Legs . | . . . . . . . . Wheels 2484 | 29 181 202 510 264 749 276 273 Hover . | . . . . . . . . Flight . | . . . . . . . . Fastest Speed 50 | 50 95 110 135 130 95 95 100 Average Speed 139 | 122 130 194 153 202 112 98 100 Slowest Speed 480 | 160 240 240 215 480 145 100 100 Overloaded Moves . | . . . . . . . . Propulsion Burnouts . | . . . . . . . . Robots Hopped . | . . . . . . . . Potential Cave-ins . | . . . . . . . . Cave-ins Triggered . | . . . . . . . . Exploration Rate (%) 39 | 4 50 34 79 38 17 48 48 Regions Visited 7 Branch Regions 3 Pre-discovered Areas . | . . . . . . . . Known Exits Taken 4 | . . 1 . 1 1 1 . Unknown Exits Taken 3 | 1 1 . 1 . . . . Scrap Searched 4 | . . . 1 . . 2 1 Spaces Dug 1 | . . . . . . . 1 Terrain Destroyed 379 | . . . 35 103 140 56 45 Melee 1 | . . . . . . . 1 Projectile 11 | . . . . . 11 . . AOE 367 | . . . 35 103 129 56 44 Terrain Rammed . | . . . . . . . . Walls Destroyed . | . . . . . . . . Machines Disabled . | . . . . . . . . Actions | -11 -10 -9 -9 -8 -7 -7 -7 --------- Run | Yrd Mat Mat Min Mat Fac Low Low Total 3199 | 86 279 359 563 443 876 286 307 Wait 22 | . . . 5 8 3 . 6 Move 2745 | 66 234 285 509 355 748 275 273 Hop . | . . . . . . . . Pick Up 65 | 3 3 13 6 18 17 2 3 Fast Attach 28 | 8 3 2 2 6 6 . 1 Attach 37 | . 2 5 3 6 14 2 5 Detach 9 | 1 . 1 1 3 3 . . Swap 11 | . 1 4 2 2 2 . . Drop 28 | . 1 5 6 7 9 . . Fire 240 | 8 35 44 27 38 71 7 10 Melee 12 | . . . . . 3 . 9 Ram . | . . . . . . . . Kick . | . . . . . . . . Crush . | . . . . . . . . Escape Stasis . | . . . . . . . . Rewire . | . . . . . . . . Trap 2 | . . . 2 . . . . Miscellaneous . | . . . . . . . . Route ------- -11/Scrapyard -10/Materials (discovered 3 exits: *Mat / [*Min x2]) -9/Materials -9/Mines (discovered 2 exits: *Mat / [*Exi]) -8/Materials (discovered 3 exits: *Fac / *Sto x2) -7/Factory (discovered 3 exits: *Fac / *Low x2) -7/Lower Caves -7/Lower Caves History --------- Turn | Location | Event 22 | -11/Scrapyard | Discovered new exit (range 16) 122 | -11/Scrapyard | Entered Materials 303 | -10/Materials | Lost 3 parts (1p1u1w) 314 | -10/Materials | Build established: Mutant 316 | -10/Materials | Discovered new exit (range 10) 378 | -10/Materials | Discovered new exit (range 11) 493 | -10/Materials | Discovered new exit (range 14) 527 | -10/Materials | Entered another Materials area 527 | -9/Materials | Evolved 2 slots: Propulsion x1, Weapon x1 1076 | -9/Materials | Identified exit to Mines 1087 | -9/Materials | Build established: Scavenger-Gunner 1236 | -9/Materials | Entered Mines 1491 | -9/Mines | Deemed a non-threat by the Exiles lab entrance 1493 | -9/Mines | Discovered new exit (range 5) 1553 | -9/Mines | Found a hidden stash of uninstalled traps 1590 | -9/Mines | Received a Rocket Launcher from a helpful Derelict 1890 | -9/Mines | Learned 2 Materials zone layouts 2066 | -9/Mines | Discovered new exit (range 10) 2073 | -9/Mines | Received a Mining Laser from a helpful Derelict 2103 | -9/Mines | Assisted by bots powering up and referring to "LRC-V3" 2114 | -9/Mines | Entered Materials 2114 | -8/Materials | Accompanied by 4 allies 2114 | -8/Materials | Evolved 2 slots: Utility x2 2115 | -8/Materials | Identified exit to Factory 2122 | -8/Materials | Build established: Scavenger-Mutant 2123 | -8/Materials | Discovered new exit (range 15) 2299 | -8/Materials | Identified exit to Storage 2368 | -8/Materials | Lost 3 parts (2n1w) 2631 | -8/Materials | Destroyed 8 combat bots 2633 | -8/Materials | Lost 3 parts (1n1u1w) 2742 | -8/Materials | Garrison activated, responded to threat 2900 | -8/Materials | Build established: Gunner 2973 | -8/Materials | Entered Factory 2973 | -7/Factory | Evolved 2 slots: Propulsion x1, Utility x1 3335 | -7/Factory | Discovered new exit (range 14) 3349 | -7/Factory | Identified exit to Factory 3703 | -7/Factory | Garrison activated, responded to threat 3739 | -7/Factory | Identified exit to Lower Caves 3755 | -7/Factory | Cargo convoy interrupted 3813 | -7/Factory | Build established: Mutant 3822 | -7/Factory | Lost 7 parts (1p2n4w) 3830 | -7/Factory | Core integrity fell below 50% 3848 | -7/Factory | System corruption reached 10% 3854 | -7/Factory | Destroyed 7 combat bots 3872 | -7/Factory | Lost 3 parts (1p2w) 4047 | -7/Factory | Entered Lower Caves 4075 | -7/Lower Caves | Identified exit to Lower Caves 4227 | -7/Lower Caves | Encountered a Warlord checkpoint 4261 | -7/Lower Caves | Build established: Scavenger-Gunner 4305 | -7/Lower Caves | Learned location of 1 exit from Factory 4333 | -7/Lower Caves | Found DRS Beacon 4342 | -7/Lower Caves | Entered another Lower Caves area 4640 | -7/Lower Caves | Attracted the attention of an 0b10 outpost 4666 | -7/Lower Caves | Core integrity fell below 20% 4679 | -7/Lower Caves | Destroyed by G-47 Trooper with Particle Gun Last Messages --------------- 04667_ The unstable cave ceiling collapses. 04667_ L-41 Fighter destroyed. 04668_ Acquired 42 matter. 04668_ The unstable cave ceiling collapses. 04668_ Slug penetrates Wall. 04669_ Rocket Launcher destroyed. 04670_ Penetrated by Slug. 04673_ System corrupted: Hpw. Tractor Beam rejected. 04673_ Acquired Hpw. Tractor Beam. 04673_ Wheel+ destroyed. 04673_ Penetrated by Slug. 04674_ Aluminum Leg fries itself beyond repair. 04674_ The unstable cave ceiling collapses. 04675_ Critical hit (Smash). 04675_ Imp. Signal Interpreter destroyed. 04675_ System corrupted by crushing effect (+1). 04676_ Penetrated by Slug. 04676_ Hvy. Laser destroyed. 04678_ Knocked back. Map ----- +----------------------------------------------------+ | ?????????????????????????????????????# ##???# | | ?????????????????????????????????????# ##??## | | ?????????????????????????????????????## #?## ## | | ??????????????????????????????????????# ### ## | | ??????????????????????????????????????## # | | ???????????????????????????????????????# ## | | ???????????????????????#######?????????# #####? | | ???????????????????##### #????????## #???? | | ??????????????????## ## #???####### #??? | | ?????????????????## #???## ####?? | | ???????????????### ####### #????? ? | | ??????????????## ## #???? ? | | ??????????????# #???###?? | | ??????????????# ## ## ###### #???????? | | ??????????????## ## #######????## ###?????? | | ???????????????###### #???????????# ##????? | | ????????????????????## #######?????## ###??? | | ?????????????????????## ##?????# #??? | | ???????????? ???????## ##????# #### | | ???????????? ###????###### ##### | | ?????????????? ?????#??# | | ???????????????# #### ### ### #? | | ????????????????# # # ###### #?? ??? | | ??????????????????# # #????? ###???????? | | ??????????????????# ! # #?##?????????? | | ??????????????????# @ b #????????????? | | ?????????????# #???????? | | ?????????????## ???????? | | ??????????????## Y ????????? | | ???????????????# ###### ## # g ???????? | | ?????????????? ??????###? # ????????? | | ?????????????# ???????????? #?????????? | | ?????????????###?????????????? " #?????????? | | ??????????????????????????????? #" "??????????? | | ????????????????????????????????#" "??????????? | | ?????????????????????????????????????"???????????? | | ?????????????????????????????????????????????????? | | ?????????????????????????????????????????????????? | | ?????????????????????????????????????????????????? | | ?????????????????????????????????????????????????? | | ?????????????????????????????????????????????????? | | ?????????????????????????????????????????????????? | | ?????????????????????????????????????????????????? | | ?????????????????????????????????????????????????? | | ?????????????????????????????????????????????????? | | ?????????????????????????????????????????????????? | | ?????????????????????????????????????????????????? | | ?????????????????????????????????????????????????? | | ?????????????????????????????????????????????????? | | ?????????????????????????????????????????????????? | +----------------------------------------------------+ Best States ------------- Heat Dissipation 45 Energy Generation 12 Energy Capacity 265 Matter Stores 300 Matter Capacity 300 Sight Range 16 Terrain Scan Density 10 Armor Coverage 225 Evasion (%) 41 Targeting Accuracy 16 Recoil Reduction 2 Offensive Hacking 10 Item Schematics ----------------- None Robot Schematics ------------------ None Fabricated ------------ Nothing Repaired ---------- Nothing Studied --------- Wheel | -8/Materials | Hacked VTOL Module | -8/Materials | Hacked Alien Tech Used ----------------- None Achievements -------------- None Challenges ------------ None Game ------ Seed TiamatAutogunModule Manual? 0 Play Time 00:28:50 Cumulative 167.2 hours Start 2026.08.20 @ 17:21:09 End 2026.08.20 @ 17:48:11 Sessions 1 Manual Loads 0 Difficulty Rogue Special Mode None Game No. 334 Rogue 334 Adventurer 0 Explorer 0 Win Type - Total 2 Types 2/0/0/0/0/0/0/0/0/0 Lore% 57 Gallery% 58 Achievement% 46 Wizard Run 0 Options --------- Layout 2 ASCII 0 Keyboard 1 Movement Arrows Keybinds 0 Fullscreen 1 Font 24/Smallcaps Map View 50x44 Zoom Use 0% Tactical HUD 1 Map Filters NONE Filters NONE Steam 1 RUN: f0444aec-bf8f-4c5b-9513-e77853744460